Map: Frozen Temple

Players

THERIDDLER - Winner!

  • Race: Terran Terran
  • League: Master

CptButtBeard

  • Race: Zerg Zerg
  • League: Grandmaster

VOD

Have the link to the VOD?

Description

Time

  • Played on: Aug. 7, 2016, 2:27 p.m.
  • Length: 20:44
Show
View Real Time Build Order
Export as new Build Order

THERIDDLER Terran - Winner!

Build Orders: Reaper Expand, Hellion Banshee 

Get SALT Encoding   

  12  0:00  SCV  
  13  0:12  SCV  
  14  0:17  Supply Depot  
  14  0:25  SCV  
  15  0:38  SCV  
  15  0:40  Barracks  
  16  0:44  Refinery  
  16  0:50  SCV  
  17  1:03  SCV  
  18  1:15  SCV  
  19  1:28  Orbital Command  
  19  1:29  Reaper  
  20  1:40  Command Center  
  20  1:47  Supply Depot  
  20  1:54  SCV  
  20  2:01  Marine  
  21  2:06  SCV  
  23  2:11  Factory  
  23  2:13  Refinery  
  23  2:22  SCV  
  24  2:25  Barracks Reactor  
  24  2:34  SCV  
  25  2:46  SCV  
  26  2:54  Orbital Command  
  26  2:59  SCV  
  26  3:03  Starport  
  27  3:06  Hellion x2  
  27  3:11  SCV  
  32  3:13  Barracks Tech Lab  
  32  3:23  SCV  
  33  3:27  Hellion x2  
  33  3:28  SCV  
  33  3:29  Supply Depot  
  38  3:35  SCV  
  38  3:40  SCV  
  40  3:47  SCV  
  41  3:49  Hellion x2  
  41  3:51  Cloaking Field, Banshee  
  41  3:52  SCV  
  49  3:59  SCV  
  50  4:04  Supply Depot  
  50  4:05  SCV  
  50  4:11  Hellion x2  
  54  4:19  Supply Depot  
  54  4:25  SCV x2  
  56  4:31  Supply Depot  
  56  4:34  Banshee  
  56  4:37  SCV x2  
  63  4:46  Hellion x2  
  63  4:49  SCV x2  
  63  4:51  Command Center  
  67  5:02  SCV x2  
  67  5:05  Refinery  
  67  5:06  Refinery  
  71  5:07  Hellion x2  
  73  5:17  Banshee  
  73  5:19  SCV x2  
  78  5:35  Supply Depot  
  78  5:36  Supply Depot  
  78  5:38  SCV  
  78  5:39  Hellion x2, Starport  
  78  5:40  Starport, Barracks Reactor  
  78  5:42  SCV  
  84  5:45  Starport x2  
  84  5:52  SCV  
  72  6:12  Hellion x2, Banshee, Liberator  
  72  6:14  Orbital Command, SCV x2  
  72  6:16  Refinery, Liberator  
  81  6:21  Engineering Bay  
  81  6:24  Starport Reactor, Starport Tech Lab  
  81  6:25  Starport Tech Lab  
  81  6:26  SCV  
  81  6:27  SCV  
  83  6:38  SCV  
  83  6:39  SCV  
  88  6:43  SCV  
  89  6:47  Banshee  
  89  6:48  Banshee  
  89  6:49  Refinery  
  89  6:54  Hellion x2  
  99  7:00  Liberator x2  
  99  7:02  SCV x3  
  99  7:04  Supply Depot  
  99  7:06  Supply Depot  
  100  7:14  Liberator x2  
  100  7:17  Banshee  
  100  7:19  SCV  
  100  7:22  SCV  
  111  7:29  SCV  
  112  7:31  SCV, Hellion x2  
  112  7:35  SCV  
  124  7:39  Supply Depot x2  
  124  7:41  SCV  
  124  7:43  Liberator  
  119  7:52  Hellion, Banshee x2  
  119  7:56  Missile Turret  
  127  8:00  Supply Depot x2, Missile Turret x2  
  130  8:08  Liberator x2  
  127  8:17  Liberator  
  121  8:24  Hellion x2  
  119  8:30  SCV  
  123  8:35  Banshee x2  
  123  8:37  Command Center  
  129  8:43  Liberator x2  
  129  8:44  Command Center  
  129  8:45  Hellion  
  131  8:51  Liberator  
  128  8:59  SCV x3  
  128  9:00  Hellion  
  139  9:06  Liberator  
  139  9:07  Hellion  
  144  9:11  SCV  
  145  9:18  Banshee  
  145  9:23  Hellion, Banshee  
  156  9:25  SCV  
  156  9:28  Hellion  
  156  9:43  Banshee  
  159  9:56  Viking x2  
  163  10:01  Banshee  
  163  10:04  Armory  
  163  10:05  Armory  
  163  10:06  Banshee  
  169  10:12  Missile Turret  
  166  10:14  Orbital Command  
  166  10:15  Missile Turret, Liberator  
  166  10:16  Missile Turret x2  
  166  10:18  Sensor Tower  
  163  10:27  Liberator  
  163  10:31  Hellion x2, Banshee  
  173  10:43  Liberator  
  173  10:44  Banshee  
  173  10:49  Banshee  
  176  10:53  Hellion x2  
  183  11:14  Hellion x2, Banshee  
  183  11:18  Viking x2  
  171  11:26  Viking  
  171  11:27  Viking  
  171  11:30  Missile Turret, Planetary Fortress  
  175  11:33  Missile Turret, Refinery x2  
  175  11:35  Hellion x2  
  175  11:36  Missile Turret, Terran Ship Weapons Level 1  
  179  11:40  Viking  
  179  11:43  Viking  
  183  11:57  Command Center  
  183  11:58  Command Center  
  183  12:02  Missile Turret  
  183  12:05  Terran Vehicle And Ship Armor Level 1  
  183  12:08  Sensor Tower  
  183  12:28  Hellion x2, Viking x3  
  183  12:29  Viking  
  195  12:45  Viking  
  195  12:47  Viking  
  193  12:57  Viking  
  195  12:59  Viking  
  194  13:09  Ghost Academy, Viking x3  
  194  13:11  Barracks  
  200  13:13  Barracks  
  200  13:14  Barracks  
  200  13:19  Barracks Tech Lab  
  200  13:24  Fusion Core  
  200  13:34  Command Center  
  200  13:52  Missile Turret  
  200  13:53  Missile Turret x2  
  200  13:54  Missile Turret  
  194  14:07  Liberator x3  
  187  14:23  Barracks Tech Lab x3, Liberator  
  189  14:24  Hellion  
  198  15:11  Missile Turret  
  198  15:12  Missile Turret, Sensor Tower  
  198  15:13  Missile Turret  
  198  15:14  Missile Turret x2  
  198  15:17  Ghost  
  200  15:21  Terran Ship Weapons Level 2  
  200  15:22  Terran Vehicle And Ship Armor Level 2  
  200  15:29  Planetary Fortress  
  196  15:40  Missile Turret  
  196  15:42  Missile Turret x4  
  181  15:48  Banshee x3  
  184  16:19  Refinery  
  184  16:20  Refinery  
  184  16:31  Banshee x2  
  176  16:36  Ghost x4  
  176  16:38  Banshee  
  181  16:44  Planetary Fortress  
  181  16:54  Planetary Fortress  
  181  17:02  Advanced Ballistics  
  181  17:04  Missile Turret x2  
  181  17:05  Missile Turret, Hyperflight Rotors  
  181  17:06  Missile Turret x2  
  181  17:07  Missile Turret  
  181  17:08  Missile Turret, Sensor Tower  
  179  17:13  Banshee  
  182  17:22  SCV x2  
  184  17:29  Banshee x2  
  190  17:30  Command Center, Ghost x3  
  190  17:36  Personal Cloaking  
  196  17:44  Refinery  
  196  17:46  Refinery  
  196  17:56  Banshee  
  195  18:12  Banshee  
  197  18:32  Missile Turret  
  197  18:35  Missile Turret  
  197  18:38  Missile Turret  
  197  18:41  SCV x2  
  197  18:48  Command Center  
  199  18:49  Command Center  
  196  19:25  Ghost x2  
  196  19:28  Missile Turret  
  200  19:58  Command Center  
Show
View Real Time Build Order
Export as new Build Order

CptButtBeard Zerg 

Build Orders: Hatch First 

Get SALT Encoding   

  12  0:02  Drone  
  13  0:09  Drone  
  14  0:18  Overlord  
  14  0:27  Extractor  
  14  0:28  Drone  
  15  0:38  Drone x2  
  17  0:56  Hatchery, Drone  
  17  0:58  Drone  
  18  1:10  Extractor  
  17  1:14  Spawning Pool  
  17  1:17  Drone  
  17  1:20  Drone  
  18  1:29  Drone  
  19  1:39  Overlord  
  19  1:52  Drone  
  20  2:02  Queen  
  20  2:04  Zergling x2  
  20  2:07  Queen  
  25  2:08  Zergling x2  
  25  2:11  Metabolic Boost  
  25  2:13  Drone  
  27  2:21  Drone  
  28  2:25  Drone  
  29  2:33  Spore Crawler, Drone  
  29  2:34  Drone  
  30  2:43  Queen x2  
  35  2:46  Overlord  
  35  2:57  Overlord  
  34  3:07  Drone x2  
  36  3:24  Evolution Chamber  
  36  3:27  Evolution Chamber, Hatchery  
  34  3:30  Queen  
  35  3:38  Queen  
  35  3:40  Drone x2  
  39  3:45  Drone x2  
  41  3:53  Baneling Nest  
  39  4:05  Drone x2  
  40  4:10  Spore Crawler  
  40  4:11  Lair  
  40  4:16  Zerg Melee Weapons Level 1  
  39  4:28  Zergling x8  
  39  4:29  Zergling x2  
  44  4:34  Overlord  
  44  4:40  Zerg Ground Armor Level 1  
  44  4:50  Spore Crawler, Drone x3  
  46  4:56  Drone x3  
  48  5:14  Drone x6  
  48  5:19  Zergling x6  
  54  5:30  Drone  
  54  5:32  Drone  
  54  5:33  Drone  
  54  5:35  Overlord x2  
  57  5:39  Overlord  
  57  6:04  Drone x14  
  57  6:05  Drone  
  70  6:11  Baneling x2  
  70  6:12  Baneling  
  70  6:17  Extractor, Drone x3  
  70  6:18  Extractor  
  71  6:19  Drone  
  71  6:20  Overlord x2  
  72  6:30  Overseer  
  72  6:37  Drone  
  72  6:38  Infestation Pit  
  72  6:41  Zergling x2  
  72  6:42  Zergling x8  
  72  6:43  Queen  
  79  6:53  Overlord  
  79  6:54  Zergling x2  
  79  6:55  Zergling x12  
  86  7:03  Zergling x6  
  88  7:16  Hive  
  88  7:20  Queen  
  90  7:23  Drone  
  90  7:24  Drone x9  
  90  7:25  Extractor  
  90  7:27  Extractor  
  90  7:28  Zerg Melee Weapons Level 2  
  98  7:30  Overlord  
  98  7:35  Zerg Ground Armor Level 2  
  98  7:49  Queen  
  100  7:52  Overlord, Drone x2  
  100  7:53  Overlord  
  99  8:00  Zergling x2  
  99  8:01  Zergling x10  
  99  8:02  Overlord x2  
  105  8:13  Drone x2  
  99  8:29  Extractor, Ultralisk Cavern, Drone x2  
  99  8:30  Adrenal Glands  
  99  8:31  Spire, Drone  
  99  8:32  Queen x2  
  99  8:33  Queen  
  105  8:38  Zergling x18  
  113  8:57  Spore Crawler x2, Drone x2  
  113  9:08  Spore Crawler, Pneumatized Carapace  
  114  9:10  Queen  
  114  9:15  Spore Crawler  
  107  9:17  Spore Crawler, Drone x2  
  107  9:18  Drone x2  
  107  9:20  Spore Crawler  
  107  9:23  Drone x2  
  107  9:42  Drone x2  
  108  9:53  Corruptor  
  108  9:54  Corruptor x8  
  108  9:58  Overseer, Hatchery  
  108  9:59  Chitinous Plating  
  125  10:09  Overlord x2  
  125  10:27  Overlord x3  
  125  10:28  Queen  
  125  10:29  Queen x2  
  120  10:50  Drone x4  
  120  10:51  Ultralisk x2  
  127  11:18  Drone x3  
  117  11:19  Drone x8  
  117  11:20  Drone  
  127  11:26  Drone x2  
  127  11:27  Drone x2  
  131  11:39  Viper, Pathogen Glands  
  131  11:40  Viper x2  
  140  12:02  Zerg Melee Weapons Level 3, Zerg Ground Armor Level 3, Drone  
  140  12:03  Drone x2  
  140  12:05  Drone x2  
  145  12:20  Ultralisk  
  151  12:24  Ultralisk  
  153  13:01  Drone  
  153  13:02  Drone  
  153  13:03  Drone x13  
  168  13:07  Extractor  
  168  13:08  Overlord x4  
  168  13:09  Extractor  
  168  13:10  Greater Spire  
  166  13:37  Spine Crawler x2  
  166  13:38  Ultralisk x2  
  166  13:39  Spine Crawler  
  166  13:40  Spine Crawler x2  
  173  13:48  Infestor x4  
  171  14:26  Corruptor  
  171  14:27  Corruptor x9  
  186  14:43  Corruptor  
  186  14:44  Corruptor  
  190  14:50  Overlord  
  190  15:09  Viper x3  
  199  15:17  Zerg Flyer Armor Level 1  
  199  15:25  Hatchery  
  157  15:48  Infestor x3  
  137  15:58  Viper x2  
  143  16:05  Queen x4  
  151  16:22  Overseer x3  
  143  16:44  Corruptor x7  
  157  17:00  Corruptor  
  157  17:01  Corruptor  
  161  17:11  Extractor  
  161  17:12  Extractor  
  161  17:15  Corruptor x2  
  163  17:26  Drone x2  
  163  17:27  Drone x5  
  170  17:36  Overlord x2  
  170  17:39  Drone  
  170  17:40  Drone x2  
  170  17:41  Drone  
  174  17:51  Corruptor  
  176  18:09  Overlord  
  176  18:10  Overlord  
  176  18:11  Viper x5  
  185  18:15  Overlord x2  
  179  18:24  Corruptor x2  
  177  18:48  Corruptor x2  
  177  18:49  Corruptor x2  
  185  18:58  Hatchery  
  184  19:08  Spire  
  183  19:21  Hydralisk Den  
  182  19:25  Hatchery  
  182  19:28  Corruptor x3  
  182  19:29  Corruptor  
  185  19:45  Corruptor x3  
  187  20:02  Drone x6  
Tags
 
Add a new tag
Caveats
  • Supply blocks, unpowered buildings, or Contaminate may cause inaccurate times.
  • Supply counts are checked every 10 seconds.